 Dungeon Crawl Stone Soup version 0.26.0-41-g79a4fc7684 (webtiles) character file.

Game seed: 15682991119872981026

114 kreisler the Sneak (level 4, -1/30 HPs)
             Began as an Octopode Brigand on Jan 26, 2021.
             Slain by an orc
             ... wielding a +0 flail
              (10 damage)
             ... on level 3 of the Dungeon.
             The game lasted 00:06:50 (1943 turns).

kreisler the Sneak (Octopode Brigand)               Turns: 1943, Time: 00:06:51

Health: -1/30      AC:  1    Str: 10    XL:     4   Next: 97%
Magic:  4/4        EV: 17    Int: 13    God:
Gold:   207        SH:  0    Dex: 14    Spells: 3/3 levels left

rFire    . . .     SeeInvis .   a - +3 dagger
rCold    . . .     Faith    .   (no shield)
rNeg     . . .     Spirit   .   (helmet restricted)
rPois    .         Reflect  .   (no amulet)
rElec    .         Harm     .   j - +4 ring of evasion
rCorr    .         Rampage  .   (no ring)
Will     .....                  (no ring)
Stlth    ++++......             (no ring)
HPRegen  0.10/turn              (no ring)
MPRegen  0.09/turn              (no ring)
                                (no ring)
                                (no ring)

@: slowed, very slow
A: almost no armour, stealthy swim, amphibious, 8 rings, constrict 8, camouflage
1, gelatinous body 1
a: no special abilities


You were on level 3 of the Dungeon.
You visited 1 branch of the dungeon, and saw 3 of its levels.

You collected 207 gold pieces.

Inventory:

Hand Weapons
 a - a +3 dagger (weapon)
Missiles
 b - 2 poisoned darts (quivered)
 c - 2 curare-tipped darts
Jewellery
 j - a +4 ring of evasion (left tentacle)
Scrolls
 d - 3 scrolls of identify
 e - a scroll of magic mapping {unknown}
 f - a scroll of fear {unknown}
 g - a scroll of teleportation
 h - a scroll of remove curse


   Skills:
 + Level 2.5 Fighting
 + Level 3.1 Short Blades
 + Level 2.1 Throwing
 + Level 1.2 Dodging
 + Level 7.1 Stealth


You had 3 spell levels left.
You didn't know any spells.
Your spell library was empty.

Dungeon Overview and Level Annotations

Branches:
Dungeon (3/15)

Altars:


Innate Abilities, Weirdness & Mutations

You cannot wear most types of armour.
You are very stealthy in the water. (Stealth+)
You are amphibious.
You can wear up to eight rings at the same time.
You can use your tentacles to constrict eight enemies at once.
Your skin changes colour to match your surroundings (Stealth+).
Your rubbery body absorbs attacks. (AC +1, EV +1)


Message History

You feel better.
The orc wizard gestures wildly while chanting.
The orc wizard blinks!
The orc wizard looks more healthy.
The orc wizard casts a spell at you. The magic dart hits you.
* * * LOW HITPOINT WARNING * * *
You see here a hobgoblin corpse.
Throw: 3 darts (poison)
Press: ? - help, Q - select action, (/) - cycle Shift-Dir - straight line, f/p - orc wizard
Aim: an orc wizard, wielding a +0 dagger and wearing a +0 robe (moderately wounded, fast, 53% to hit)
You throw a poisoned dart.
The poisoned dart barely misses the orc wizard.
The orc misses you.
You closely miss the orc. You grab the orc. You squeeze the orc.
The orc is severely wounded.
You constrict the orc, but do no damage.
The orc struggles to escape constriction.
The orc hits you with a +0 flail!
You die...

...# . #...# ..
##....#
.####.....##
.(...>....# .#
#(.......# .#
##.o(.....# .#
#..#@†...## #.#
#.......###..#
#...o...#...##
#............##
##........)...#
##...#..(....#
####......).# #
#...#.(...## #
##.##.......# #


You could see an orc wizard (fast) and an orc.

Vanquished Creatures
  6 adders
  3 worms (D:2)
  2 dart slugs
  A leopard gecko (D:1)
  A giant cockroach (D:2)
  7 goblins
  6 hobgoblins
  4 kobolds
  2 ball pythons (D:2)
  7 bats
  3 frilled lizards
  10 rats
52 creatures vanquished.

Vanquished Creatures (others)
  A gnoll (D:3)
  An ooze (D:3)
  A hobgoblin (D:3)
3 creatures vanquished.

Grand Total: 55 creatures vanquished

Notes
Turn   | Place    | Note
-------+----------+-------------------------------------------
     0 | D:1      | kreisler the Octopode Brigand began the quest for the Orb.
     0 | D:1      | Reached XP level 1. HP: 14/14 MP: 1/1
   221 | D:1      | Reached XP level 2. HP: 19/19 MP: 2/2
   246 | D:1      | Reached skill level 6 in Stealth
   795 | D:2      | Reached XP level 3. HP: 11/24 MP: 3/3
  1088 | D:2      | Reached XP level 4. HP: 30/30 MP: 4/4
  1929 | D:3      | Reached skill level 7 in Stealth
  1943 | D:3      | Slain by an orc

Illustrated notes

Levels and vault maps discovered:
D:1:      erik_arrival_triangle_medium, layout_loops_corners
D:2:      layout_loops_ring, minmay_tetromino_l4
D:3:      cheibrodos_thug_alley, layout_rooms, fiery_altar_vehumet,
          overflow_temple_1_default

Skill      XL: |  1  2  3  4 |
---------------+-------------+-----
Stealth        | 6 7 |  7.1
Short Blades   | 3 |  3.1
Fighting       | |  2.5
Throwing       | |  2.1
Dodging        | |  1.2

Action                   |  1- 3 |  4- 6 || total
-------------------------+-------+-------++-------
Melee: Dagger            |    47 |    47 ||    94
       Constrict         |    12 |     9 ||    21
       Tentacles         |     5 |     5 ||    10
Throw: Dart              |     4 |    10 ||    14
  Use: Scroll            |     6 |     2 ||     8
       Potion            |       |     2 ||     2
 Stab: Sleeping          |    12 |     9 ||    21
Armor: Skin              |     2 |     1 ||     3
Dodge: Dodged            |    31 |    21 ||    52
